 Dungeon Crawl Stone Soup version 0.30-a0-587-gfd7c166f36 (webtiles) character file.

Game seed: 13780162571973679484

19430 BlackLaughter the Thaumaturge (level 13, -8/85 HPs)
             Began as a Djinni Conjurer on Jan 3, 2023.
             Was the Champion of Okawaru.
             Mangled by a spark wasp (10 damage)
             ... on level 3 of the Lair of Beasts on Jan 4, 2023.
             The game lasted 03:15:07 (15354 turns).

BlackLaughter the Thaumaturge (Djinni Conjurer)    Turns: 15354, Time: 03:15:08

Health: -8/85      AC: 10    Str:  6    XL:     13   Next: 4%
Gold:   793        EV: 22    Int: 22    God:    Okawaru [******] SH:  0 Dex: 21

rFire   + + .      SeeInvis .    t - +4 quarterstaff (chaos)
rCold   x . .      Faith    +    (shield currently unavailable)
rNeg    . . .      Spirit   .    n - +0 troll leather armour
rPois   ∞          Reflect  .    (no helmet)
rElec   .          Harm     .    u - +2 cloak {rPois}
rCorr   .          Rampage  .    C - +0 pair of gloves
Will    +....      Rage     3%   (boots unavailable)
Stlth   ++++                     s - amulet of faith
HPRegen 1.14/turn                c - +6 ring of dexterity
MPRegen 0.00/turn                E - +5 ring of evasion

@: about to teleport, flying
A: sickness immunity, fire resistance 2, cold vulnerability 1, float, innate
caster, HP casting, extra vitality 1, camouflage 1, berserk 1
a: Renounce Religion, Heroism, Finesse, Duel


You were on level 3 of the Lair of Beasts.
You worshipped Okawaru.
Okawaru was exalted by your worship.
You visited 2 branches of the dungeon, and saw 13 of its levels.

You collected 793 gold pieces.

Inventory:

Hand Weapons
 q - a +0 falchion
 t - a +4 quarterstaff of chaos (weapon)
Armour
 j - a +0 buckler
 n - a +0 troll leather armour (worn)
 u - a +2 cloak of poison resistance (worn)
 B - the +8 orange crystal plate armour {Archmagi, Int+3 Clar}
   (Okawaru gifted it to you on level 10 of the Dungeon)

   Int:       It affects your intelligence (+3).
   Clar:      It protects you against confusion.
 C - a +0 pair of gloves (worn)
 F - the +4 plate armour of Daffodils {Will- Regen+ Int+4}
   (You found it on level 6 of the Dungeon)

   Int:       It affects your intelligence (+4).
   Regen:     It increases your rate of health regeneration.
   Will:      It decreases your willpower.
Jewellery
 c - a +6 ring of dexterity (left hand)
 p - a +6 ring of strength
 s - an amulet of faith (around neck)
 E - a +5 ring of evasion (right hand)
 G - a ring of resist corrosion
 H - a ring of poison resistance
Wands
 a - a wand of light (10)
 g - a wand of flame (75)
 l - a wand of charming (9)
 o - a wand of mindburst (35)
 z - a wand of digging (13)
 M - a wand of polymorph (3)
Scrolls
 d - a scroll of brand weapon
 e - 4 scrolls of enchant armour
 h - 2 scrolls of magic mapping
 i - 3 scrolls of identify
 v - a scroll of noise
 w - a scroll of poison
 x - 4 scrolls of teleportation
 y - a scroll of vulnerability
 A - a scroll of fog
 I - a scroll of summoning
 J - 3 scrolls of amnesia
 P - a scroll of blinking
Potions
 b - a potion of magic
 f - 2 potions of haste
 k - 4 potions of flight
 r - 3 potions of might
 K - a potion of attraction
 L - 2 potions of resistance
 O - a potion of berserk rage
Miscellaneous
 m - a piece from Xom's chessboard (15/15)
 N - a phial of floods


   Skills:
 + Level 5.2 Fighting
 + Level 2.8 Staves
 + Level 9.9 Armour
 + Level 8.5 Dodging
 + Level 4.5 Stealth
 + Level 0.7 Shields
 + Level 11.6 Spellcasting
 + Level 1.4 Invocations
 + Level 1.4 Evocations


You had one spell level left.
You knew the following spells:

 Your Spells              Type           Power      Damage    Failure   Level
a - Magic Dart            Conj           100%       1d8       1%          1
b - Searing Ray           Conj           100%       2d8       1%          2
c - Dazzling Flash        Conj/Hex       100%       N/A       1%          3
d - Fulminant Prism       Conj/Hex       29%        3d14      1%          4
e - Iskenderun's Mystic   Conj/Tloc      59%        2d12      1%          4
f - Scorch                Fire           100%       2d10      1%          2
g - Sting                 Tmut/Pois      100%       1d8       1%          1
h - Tukima's Dance        Hex            59%        N/A       1%          3
i - Manifold Assault      Tloc           59%        N/A       1%          4
j - Summon Mana Viper     Hex/Summ       59%        N/A       1%          5
k - Silence               Hex/Air        29%        N/A       1%          5
Your spell library was empty.

Dungeon Overview and Level Annotations

Branches:
Dungeon (10/15)            Temple (0/1) D:5            Lair (3/5) D:10
 Shoals (0/4) Lair:3
  Snake: Lair:2-3    Spider: Lair:2-3       Orc: D:9-12

Altars:
Cheibriados
Dithmenos
Elyvilon
Fedhas
Gozag
Okawaru
Qazlal
Ru
Trog
Uskayaw
Wu Jian
Xom
The Shining One


Innate Abilities, Weirdness & Mutations

You are immune to sickness and miasma.
You are immune to poison.
Your flesh is very heat resistant. (rF++)
You are vulnerable to cold. (rC-)
You float through the air rather than walking.
You learn spells naturally, not from books.
Your magical power is your life essence.
You have superior vitality. (+4 MHP)
Your skin changes colour to match your surroundings (Stealth+).
You sometimes lose your temper in combat.


Message History

The seven-headed hydra roars!
The seven-headed hydra evaporates and reforms as a spark wasp!
Aiming: Magic Dart (safe; 1% risk of failure)
Press: ? - help, Q - select action, (/) - cycle Shift-Dir - straight line, f/p - spark wasp
Aim: a spark wasp (100% to hit)
The magic dart hits the spark wasp but does no damage.
A wyvern comes into view.
The spark wasp bursts into living lightning!
The living lightning hits you!!
The spark wasp blinks!
Casting: Magic Dart (safe; 1% risk of failure)
Confirm with . or Enter, or press ? or * to list all spells.
Aiming: Searing Ray (safe; 1% risk of failure)
Press: ? - help, Shift-Dir - straight line, f/p - spark wasp
Aim: a spark wasp (74% to hit)
The searing ray hits the spark wasp.
The spark wasp is lightly wounded. (Press . to maintain the ray.)
The wyvern hisses angrily.
The searing ray hits the spark wasp.
The spark wasp is lightly wounded.
The spark wasp completely misses you. The spark wasp stings you.
The spark wasp shocks you!
The searing ray hits the spark wasp but does no damage.
The spark wasp is lightly wounded.
The spark wasp closely misses you.
As you read the scroll of teleportation, it crumbles to dust.
You feel strangely unstable. The spark wasp stings you!
The spark wasp shocks you!
* * * LOW HITPOINT WARNING * * *
The spark wasp completely misses you.
You feel better. The wyvern bites you!
* * * LOW HITPOINT WARNING * * *
The spark wasp stings you.
* * * LOW HITPOINT WARNING * * *
The spark wasp shocks you!
* * * LOW HITPOINT WARNING * * *
The wyvern completely misses you. The spark wasp barely misses you.
The wyvern closely misses you. The spark wasp stings you!
You die...

### ### # ###.####
##P#########
...##.##...###...P##.#.#.
P........................
....##.y##.....#..#.P###.
# ##.@##....####.#####
#l###....# ##.#.#.. #..P
#....###.......
#...##....+.......##
##..##....P##......#
#..##....###......#
#........##.#.##.## ....
. ######.# ...


You could see a spark wasp and a wyvern.

Vanquished Creatures
  Harold (D:10)
  An anaconda (Lair:2)
  Pikel (D:4)
  A mana viper (shapeshifter) (D:8)
  A moth of wrath (D:8)
  4 elephants (Lair:2)
  A black mamba (Lair:1)
  5 cane toads
  2 gargoyles
  Psyche (D:10)
  2 komodo dragons
  A rime drake (Lair:3)
  3 trolls
  A polar bear (Lair:2)
  6 blink frogs
  5 wyverns
  Sigmund (D:3)
  3 wraiths
  A vampire (D:10)
  Grum (D:10)
  17 yaks
  2 vampire mosquitoes (D:8)
  5 steam dragons
  Edmund (D:4)
  Menkaure (D:4)
  2 nagas (Lair:3)
  4 water moccasins (Lair:2)
  2 acid dragons (D:10)
  4 ice beasts
  2 sky beasts (D:7)
  2 orc warriors
  2 black bears (D:7)
  2 wolves (D:10)
  4 lemures
  8 centaurs
  2 necrophages (D:8)
  14 bullfrogs
  A scorpion (D:4)
  3 wights
  A killer bee (D:10)
  7 howler monkeys
  4 hounds
  3 jellies
  3 orc priests
  Crazy Yiuf (D:3)
  An iron imp (D:3)
  Jessica (D:3)
  3 iguanas
  10 orc wizards
  Ijyb (D:3)
  8 adders
  11 gnolls
  A shadow imp (D:7)
  A white imp (D:8)
  3 worms
  2 dart slugs
  20 orcs
  9 ball pythons
  11 endoplasms
  2 giant cockroaches (D:2)
  9 goblins
  3 hobgoblins
  8 jackals
  5 quokkas
  A bat (D:1)
  2 frilled lizards
  7 kobolds
  8 rats
266 creatures vanquished.

Vanquished Creatures (others)
  A sky beast (D:7)
  7 fungi
  6 plants
14 creatures vanquished.

Grand Total: 280 creatures vanquished

Notes
Turn   | Place    | Note
-------+----------+-------------------------------------------
     0 | D:1      | BlackLaughter the Djinni Conjurer began the quest for the
                  | Orb.
     0 | D:1      | BlackLaughter set off with the following spells memorised:
                  | Magic Dart, Searing Ray, Dazzling Flash, Fulminant Prism,
                  | Iskenderun's Mystic Blast.
     0 | D:1      | Reached XP level 1. HP: 15/15 MP: 0/0
   268 | D:1      | Reached XP level 2. HP: 20/21 MP: 0/0
   557 | D:1      | Reached XP level 3. HP: 22/25 MP: 0/0
   557 | D:1      | Learned a level 1 spell: Sting
  1280 | D:2      | Reached skill level 4 in Spellcasting
  1443 | D:2      | Reached XP level 4. HP: 26/31 MP: 0/0
  1861 | D:2      | Reached XP level 5. HP: 32/35 MP: 0/0
  1861 | D:2      | Learned a level 2 spell: Scorch
  1995 | D:2      | Gained mutation: Your skin changes colour to match your
                  | surroundings (Stealth+). [potion of mutation]
  1995 | D:2      | Gained mutation: You sometimes lose your temper in combat.
                  | [potion of mutation]
  2321 | D:3      | Noticed a +0 dagger
  2321 | D:3      | Noticed a +0 falchion
  2321 | D:3      | Noticed a +0 short sword
  2321 | D:3      | Noticed a +0 short sword
  2321 | D:3      | Noticed Jessica
  2322 | D:3      | Found a hide-covered altar of Uskayaw.
  2322 | D:3      | Noticed a +0 dagger
  2322 | D:3      | Noticed a +0 spear
  2323 | D:3      | Noticed a +0 spear
  2323 | D:3      | Noticed a +0 falchion
  2506 | D:3      | Found a bloodstained altar of Trog.
  2539 | D:3      | Noticed Sigmund
  2546 | D:3      | Killed Sigmund
  2547 | D:3      | Reached skill level 1 in Armour
  2547 | D:3      | Reached skill level 5 in Spellcasting
  2547 | D:3      | Reached XP level 6. HP: 26/40 MP: 0/0
  2631 | D:3      | Found an iron altar of Okawaru.
  2635 | D:3      | Became a worshipper of Warmaster Okawaru
  2665 | D:3      | Found a snail-covered altar of Cheibriados.
  2750 | D:3      | Killed Jessica
  2751 | D:3      | Reached XP level 7. HP: 44/45 MP: 0/0
  2751 | D:3      | Learned a level 3 spell: Tukima's Dance
  2907 | D:3      | Noticed Ijyb
  2914 | D:3      | Killed Ijyb
  3182 | D:3      | Reached skill level 6 in Spellcasting
  3389 | D:3      | Found a runed translucent door.
  3390 | D:3      | Noticed Crazy Yiuf
  3399 | D:3      | Killed Crazy Yiuf
  3525 | D:4      | Noticed Pikel
  3557 | D:4      | Noticed Edmund
  4178 | D:4      | Killed Edmund
  4178 | D:4      | Reached * piety under Okawaru
  4427 | D:4      | Noticed Menkaure
  4440 | D:4      | Reached XP level 8. HP: 36/51 MP: 0/0
  4521 | D:4      | Killed Menkaure
  4678 | D:4      | Killed Pikel
  4678 | D:4      | Reached ** piety under Okawaru
  4679 | D:4      | Reached skill level 1 in Fighting
  4679 | D:4      | Reached skill level 7 in Spellcasting
  4922 | D:4      | Found a white marble altar of Elyvilon.
  4982 | D:4      | Reached XP level 9. HP: 56/57 MP: 0/0
  4982 | D:4      | Learned a level 4 spell: Manifold Assault
  5055 | D:5      | Entered Level 5 of the Dungeon
  5146 | D:5      | Found a staircase to the Ecumenical Temple.
  6235 | D:6      | Reached *** piety under Okawaru
  6236 | D:6      | Reached skill level 5 in Armour
  6497 | D:6      | Identified the +4 plate armour of Daffodils {Will- Regen+
                  | Int+4}
  6711 | D:6      | Found an opulent altar of Gozag.
  7065 | D:7      | Reached skill level 8 in Spellcasting
  7705 | D:7      | Reached **** piety under Okawaru
  7706 | D:7      | Reached XP level 10. HP: 37/64 MP: 0/0
  7985 | D:7      | Found an ornate altar of the Wu Jian Council.
  8079 | D:7      | Found a shadowy altar of Dithmenos.
  9248 | D:8      | Reached ***** piety under Okawaru
  9249 | D:8      | Reached skill level 9 in Spellcasting
  9323 | D:8      | Noticed a salamander
  9323 | D:8      | Noticed a manticore
  9323 | D:8      | Noticed a gargoyle
  9405 | D:8      | a manticore changed into a moth of wrath
  9405 | D:8      | Noticed a moth of wrath
  9419 | D:8      | Killed a moth of wrath
  9522 | D:9      | Found a blossoming altar of Fedhas.
  9841 | D:9      | Identified the +1 scale mail "Ziuvadosk" {rF+} (Okawaru
                  | gifted it to you on level 9 of the Dungeon)
  9841 | D:9      | Received a gift from Okawaru
  9842 | D:9      | Reached XP level 11. HP: 58/69 MP: 0/0
  9842 | D:9      | Learned a level 5 spell: Summon Mana Viper
 10560 | D:8      | Noticed a mana viper
 10577 | D:8      | Killed a mana viper
 10578 | D:8      | Reached skill level 5 in Dodging
 10741 | D:8      | Upgraded the game from 0.30-a0-586-g23e55c9e0a to
                  | 0.30-a0-587-gfd7c166f36
 11009 | D:9      | Reached skill level 1 in Staves
 11253 | D:9      | Got the Tome of Adjuration and Hail
 11299 | D:9      | Identified the +0 ring mail of the Barber Surgeon {rF-
                  | Will+ Dex+8 Stlth+}
 11425 | D:10     | Entered Level 10 of the Dungeon
 11505 | D:10     | Found a staircase to the Lair.
 11520 | D:10     | Found a shimmering altar of Xom.
 11570 | D:10     | Found a large runed translucent door.
 11571 | D:10     | Found a large runed translucent door.
 11611 | D:10     | Found a sacrificial altar of Ru.
 11622 | D:10     | Found a glowing golden altar of the Shining One.
 11778 | D:10     | Noticed Psyche
 11784 | D:10     | Killed Psyche
 11785 | D:10     | Reached skill level 10 in Spellcasting
 11817 | D:10     | Noticed Grum
 11839 | D:10     | Killed Grum
 12154 | D:10     | Reached skill level 1 in Invocations
 12421 | D:10     | Found a stormy altar of Qazlal.
 12468 | D:10     | Noticed Harold
 12490 | D:10     | Killed Harold
 12490 | D:10     | Reached ****** piety under Okawaru
 12490 | D:10     | Received a gift from Okawaru
 12490 | D:10     | Found the +8 orange crystal plate armour {Archmagi, Int+3
                  | Clar}
 12491 | D:10     | Reached skill level 1 in Evocations
 12491 | D:10     | Reached XP level 12. HP: 26/78 MP: 0/0
 12947 | Lair:1   | Entered Level 1 of the Lair of Beasts
 13960 | Lair:2   | Reached skill level 11 in Spellcasting
 13994 | Lair:2   | Found a gate leading to a gauntlet.
 14259 | Lair:2   | Reached skill level 5 in Fighting
 14544 | Lair:2   | Noticed an eight-headed hydra
 14546 | Lair:2   | an eight-headed hydra changed into an anaconda
 14546 | Lair:2   | Noticed an anaconda
 14560 | Lair:2   | Killed an anaconda
 15097 | Lair:3   | Found a staircase to the Shoals.
 15212 | Lair:3   | Received a gift from Okawaru
 15213 | Lair:3   | Reached XP level 13. HP: 61/85 MP: 0/0
 15213 | Lair:3   | Learned a level 5 spell: Silence
 15346 | Lair:3   | Noticed a seven-headed hydra
 15347 | Lair:3   | a seven-headed hydra changed into a spark wasp
 15347 | Lair:3   | Noticed a spark wasp
 15353 | Lair:3   | HP: 1/85 [spark wasp (17)]
 15354 | Lair:3   | Mangled by a spark wasp

Illustrated notes

Levels and vault maps discovered:
D:1:      nzn_arrival_depleted_hourglass, layout_basic, minivault_23
D:2:      layout_loops_corners
D:3:      layout_loops_ring, slow_altar_1, mainiacjoe_overflow_24_doors,
          nicolae_uskayaw_en_pointe, trog_three_pillars_becter, uniq_sigmund,
          uniq_crazy_yiuf_cottage, uniq_ijyb, uniq_jessica
D:4:      layout_basic, marbit_many_paths, minmay_large_rounded_square,
          st_stairs_7, uniq_edmund, uniq_pikel, uniq_menkaure
D:5:      layout_gridville, minmay_temple_entry_mini_moons,
          kennysheep_generic_room_11
D:6:      layout_gridville, grunt_gozag_statues, nicolae_underground_beach
D:7:      layout_basic, grunt_dithmenos_smoke_and_mirrors,
          mainiacjoe_overflow_surrounded_room, hangedman_misty_isle
D:8:      minmay_the_grid_triangle_9x9_rhombus_thin
          [minmay_the_grid_triangle_9x9_skeleton,
          minmay_the_grid_triangle_9x9_prize_top_heavy,
          minmay_the_grid_triangle_9x9_sparse_checkered,
          minmay_the_grid_triangle_9x9_zippers_horizontal], layout_basic
D:9:      layout_gridville, fedhas_bush_and_centaur_altar
D:10:     layout_loops_corners, mainiacjoe_overflow_cross_hatched,
          general_overflow_altar, jmf_multi_god_temple2, lair_entry_dummy,
          kennysheep_opposing_triangles, uniq_grum, uniq_psyche, uniq_harold
Lair:1:   layout_chaotic_city
Lair:2:   layout_cave_pods, gauntlet_entry_generic
Lair:3:   layout_regular_city, shoals_dummy_entry,
          minmay_snake_entry_guardpost_small

Skill      XL: |  1  2  3  4  5  6  7  8  9 10 11 12 |
---------------+-------------------------------------+-----
Spellcasting   | 4 5 6 7 8 9 10 11 | 11.6
Stealth        | 2 3 4 |  4.5
Armour         | 1 2 4 6 8 9 |  9.9
Dodging        | 3 4 6 8 |  8.5
Fighting       | 1 2 4 5 |  5.2
Staves         | 2 |  2.8
Invocations    | 1 |  1.4
Evocations     | 1 |  1.4
Shields        | |  0.7

Action                   |  1- 3 |  4- 6 |  7- 9 | 10-12 | 13-15 || total
-------------------------+-------+-------+-------+-------+-------++-------
Melee: Quarterstaff      |       |       |       |    30 |       ||    30
 Cast: Magic Dart        |    45 |    48 |   168 |   157 |     8 ||   426
       Searing Ray       |     6 |     9 |    52 |   169 |     5 ||   241
Invok: Heroism           |       |       |     2 |     2 |       ||     4
Evoke: Wand              |       |       |       |    10 |     1 ||    11
  Use: Scroll            |     1 |       |    10 |     9 |     2 ||    22
       Potion            |     2 |     3 |     9 |    15 |     1 ||    30
Armor: Ring mail         |     1 |     1 |    18 |       |       ||    20
       Scale mail        |       |       |    29 |    71 |       ||   100
       Chain mail        |       |       |     6 |       |       ||     6
       Troll leather arm |       |       |       |    49 |       ||    49
       Skin              |       |       |       |    11 |       ||    11
Dodge: Dodged            |     3 |     5 |    66 |   340 |    13 ||   427
Block: Buckler           |       |     1 |     3 |       |       ||     4

Table legend: (Time is in decaauts)
 A = Elapsed time spent in this place.
 B = Non-inter-level travel time spent in this place.
 C = Inter-level travel time spent in this place.
 D = Time resting spent in this place.
 E = Time spent auto-exploring this place.
 F = Levels seen in this place.
 G = Mean time per level.
                   A        B        C        D        E       F      G
               +--------+--------+--------+--------+--------+-----+--------+
         Total |  15380 |  14323 |   1057 |   3541 |   7936 |  13 | 1183.1 |
       Dungeon |  12973 |  12104 |    869 |   3221 |   6508 |  10 | 1297.3 |
          Lair |   2406 |   2218 |    188 |    320 |   1428 |   3 |  802.0 |
               +--------+--------+--------+--------+--------+-----+--------+

Top non-repeatable levels by time:
     D:8: 1719 daAuts
     D:3: 1551 daAuts
    D:10: 1538 daAuts
     D:7: 1433 daAuts
  Lair:2: 1376 daAuts
     D:9: 1282 daAuts
     D:2: 1223 daAuts
     D:4: 1194 daAuts
     D:1: 1104 daAuts
     D:5: 1088 daAuts
     D:6: 836 daAuts
  Lair:1: 764 daAuts
  Lair:3: 266 daAuts
